Match 42532755
Unlisted

Match 42532755
End
Construct Section Command Post
Selects Australian Defense Battlegroup
Selects Australian Light Infantry Section
Australian Light Infantry Section
Infantry Section
Infantry Section
Dingo Light Scout Car
Construct Platoon Command Post
Selects 2-pounder Anti-tank Gun Team
Humber Armored Car
Infantry Section
CMP 15cwt Truck
Infantry Training
Grenade Package
Vickers Machine Gun Team
Unlock Bishop Self-propelled Artillery
Infantry Section
TidaL
Good bye
Mila!
For The Children™
High Testosterone Player
OPENHERE
0
0

Comments sign in to comment!

No comments posted yet!